 Dungeon Crawl Stone Soup version 0.19.4-8-ga85b6b9 (console) character file.

14663 Kloppie the Carver (level 11, -3/148 HPs)
             Began as a Green Draconian Berserker on Feb 7, 2017.
             Was a High Priest of Trog.
             Slain by a catoblepas (20 damage)
             ... on level 2 of the Lair of Beasts.
             The game lasted 00:17:33 (13029 turns).

Kloppie the Carver (Green Draconian Berserker)     Turns: 13029, Time: 00:17:34

Health: -3/148     AC: 15    Str: 27    XL:     11   Next: 91%
Magic:  12/12      EV: 19    Int:  7    God:    Trog [*****.]
Gold:   641        SH:  0    Dex: 14    Spells: 0 memorised, 10 levels left

rFire  . . .     SeeInvis +     a - +0 long sword
rCold  . . .     Gourm    +     (armour unavailable)
rNeg   . . .     Faith    .     (no shield)
rPois  +         Spirit   .     (helmet restricted)
rElec  .         Reflect  .     f - +2 cloak
rCorr  .         Harm     .     C - +2 pair of gloves
MR     .....                    E - +1 pair of boots
Stlth  ..........               D - amulet of the gourmand
                                L - ring of see invisible
                                l - +1 ring of slaying

@: berserking, very quick
A: breathe noxious fumes, unfitting armour, high mp 1, poison resistance, strong
1, evolution 1, cold-blooded, AC +7
a: Breathe Noxious Fumes, Berserk, Trog's Hand, Brothers in Arms, Burn
Spellbooks, Renounce Religion


You were on level 2 of the Lair of Beasts.
You worshipped Trog.
Trog was extremely pleased with you.
You were very full.

You visited 2 branches of the dungeon, and saw 12 of its levels.

You collected 641 gold pieces.

Inventory:

Hand Weapons
 a - a +0 long sword (weapon)
 b - a +0 short sword of electrocution
Armour
 f - a +2 cloak (worn)
 h - a +0 large shield
 C - a +2 pair of gloves (worn)
 E - a +1 pair of boots (worn)
Jewellery
 l - a +1 ring of slaying (left hand)
 u - an uncursed ring of magical power
 D - an amulet of the gourmand (around neck)
 L - a ring of see invisible (right hand)
Wands
 j - a wand of digging (12/24)
 o - a wand of disintegration (16/24)
 p - a wand of lightning (14/15)
 G - a wand of hasting (7/9)
Scrolls
 c - a scroll of noise
 d - 2 scrolls of enchant weapon
 e - 5 scrolls of teleportation
 n - 2 scrolls of magic mapping
 q - 2 scrolls of identify
 s - a scroll of recharging
 y - 2 scrolls of remove curse
 F - a scroll of blinking
Potions
 g - 4 potions of curing
 k - a potion of agility
 m - a potion of invisibility
 r - 2 potions of heal wounds
 v - a potion of might
 w - a potion of brilliance
Comestibles
 i - 8 meat rations
 t - 3 chunks of flesh
 z - 12 fruits
 A - 9 slices of pizza
 B - 7 bread rations
 H - 3 beef jerkies
 I - a royal jelly


   Skills:
 * Level 10.0 Fighting
 + Level 13.4 Long Blades
 - Level 10.6 Dodging


You had 10 spell levels left.
You didn't know any spells.

Dungeon Overview and Level Annotations

Branches:
Dungeon (10/15)            Temple (0/1) D:7            Lair (2/6) D:10
  Swamp: Lair:2-4    Shoals: Lair:2-4     Snake: Lair:2-4    Spider: Lair:2-4
    Orc: D:9-12

Altars:
Cheibriados
Elyvilon
Kikubaaqudgha
Okawaru
Qazlal
Sif Muna
The Shining One

Shops:
D:4 }

Annotations:
D:10 1 runed door


Innate Abilities, Weirdness & Mutations

You can breathe blasts of noxious fumes.
Your lurid green scales are hard. (AC +7)
You cannot fit into any form of body armour.
Your system is resistant to poisons. (rPois)
You are cold-blooded and may be slowed by cold attacks.
You have an increased reservoir of magic. (+10% MP)
Your muscles are strong. (Str +2)
You evolve.


Message History

The catoblepas is heavily wounded.
The catoblepas gores you.
You hit the catoblepas but do no damage.
The catoblepas is heavily wounded.
The catoblepas gores you!
* * * LOW HITPOINT WARNING * * *
You are too injured to fight recklessly!
You are too injured to fight recklessly!
You are too injured to fight recklessly!
The catoblepas gores you.
* * * LOW HITPOINT WARNING * * *
You completely miss the catoblepas.
The catoblepas is heavily wounded.
You hit the catoblepas.
The catoblepas is heavily wounded.
The catoblepas gores you!!
* * * LOW HITPOINT WARNING * * *
A red film seems to cover your vision as you go berserk!
You feel yourself moving faster!
You feel mighty! The catoblepas gores you!!
You die...

##### # ####### ##.#P#### ####
###.#.#.## #.......# .#(###
#........# ##........ §P...###
#..<.....####.....(..P .§§.Y..#
##.......#P..#........
#####..######.......#...........#
##.##.##t...@...'.##♣........
#.Y....+...Y...### ♣♣♣.....#
####..##.......## ♣♣.....
####.#'###.#.♣ ♣##.## ##...######
♣...# ### ### ###..# ♣.P##
#..##.# #...# ♣♣## ......# ###.#
......####### ##.####♣


You could see a catoblepas and a crocodile.

Vanquished Creatures
  A hydra (Lair:1)
  The ghost of Angani the Fighter, a novice DsCK of Xom (D:10)
  An unseen horror (D:10)
  A hill giant (D:10)
  Pikel (D:4)
  8 elephants (Lair:2)
  2 spiny frogs
  2 komodo dragons (Lair:1)
  The ghost of Xarkox the Firebug, an amateur DrFE of Sif Muna (D:7)
  3 blink frogs (Lair:2)
  10 yaks
  Sigmund (D:5)
  A human (D:8)
  A wyvern (D:10)
  A hungry ghost (D:8)
  Eustachio (D:4)
  2 hogs (D:8)
  A steam dragon (D:7)
  Menkaure (D:5)
  5 swamp worms (Lair:2)
  3 water moccasins
  3 porcupines
  2 black bears
  3 ice beasts
  5 sky beasts
  4 ogres
  A slave (D:4)
  A crocodile (Lair:1)
  3 centaurs
  Blork the orc (D:5)
  6 bullfrogs
  A wyvern skeleton (D:8)
  6 scorpions
  2 crimson imps
  3 jellies
  A quasit (D:8)
  4 orc priests
  6 hounds
  6 orc wizards
  A bullfrog skeleton (D:5)
  5 iguanas
  12 worker ants
  2 hound skeletons
  A worker ant zombie (D:9)
  3 gnolls (D:4)
  A howler monkey skeleton (D:6)
  5 adders
  3 oozes (D:3)
  2 adder zombies
  An adder skeleton (D:7)
  A worm (D:2)
  A dart slug (D:2)
  3 leopard geckos
  21 orcs
  2 giant cockroaches
  5 hobgoblins
  19 jackals
  4 quokkas
  A ball python (D:1)
  6 bats
  6 frilled lizards
  6 goblins
  A jackal zombie (D:5)
  9 kobolds
  A leopard gecko skeleton (D:6)
  A leopard gecko zombie (D:7)
  A quokka zombie (D:7)
  13 rats
  A plant (D:10)
244 creatures vanquished.

Vanquished Creatures (others)
  A ball python (D:4)
1 creature vanquished.

Grand Total: 245 creatures vanquished

Notes
Turn   | Place    | Note
-------+----------+-------------------------------------------
     0 | D:1      | Kloppie the Draconian Berserker began the quest for the Orb.
     0 | D:1      | Reached XP level 1. HP: 19/19 MP: 1/1
   128 | D:1      | Reached XP level 2. HP: 25/27 MP: 2/2
   650 | D:1      | Reached ** piety under Trog
   785 | D:2      | Reached XP level 3. HP: 34/34 MP: 3/3
   801 | D:2      | Found a snail-covered altar of Cheibriados.
   801 | D:2      | Found a white marble altar of Elyvilon.
  1647 | D:3      | Reached XP level 4. HP: 27/41 MP: 4/4
  1787 | D:3      | Reached skill level 5 in Fighting
  2204 | D:4      | Found Itasm's Gadget Shoppe.
  2329 | D:4      | Reached skill level 4 in Long Blades
  2333 | D:4      | Reached XP level 5. HP: 50/50 MP: 5/5
  2413 | D:4      | Noticed Eustachio
  2558 | D:4      | Found a stormy altar of Qazlal.
  2582 | D:4      | Killed Eustachio
  2582 | D:4      | Reached XP level 6. HP: 50/58 MP: 6/6
  2739 | D:4      | Reached skill level 5 in Long Blades
  2868 | D:4      | Reached *** piety under Trog
  2897 | D:4      | Noticed a slave
  2897 | D:4      | Noticed a slave
  2923 | D:4      | Killed a slave
  3051 | D:4      | Noticed Pikel
  3051 | D:4      | Noticed a slave
  3051 | D:4      | Noticed a slave
  3066 | D:4      | Killed Pikel
  3066 | D:4      | Your scales start taking on a lurid green colour.
  3066 | D:4      | Reached XP level 7. HP: 69/69 MP: 7/7
  3066 | D:4      | Gained mutation: Your system is resistant to poisons. (rPois) [Green Draconian growth]
  3178 | D:5      | Entered Level 5 of the Dungeon
  3207 | D:5      | Noticed Menkaure
  3216 | D:5      | Killed Menkaure
  3216 | D:5      | Reached skill level 6 in Long Blades
  3216 | D:5      | Reached XP level 8. HP: 60/78 MP: 8/8
  3358 | D:5      | Noticed Blork the orc
  3383 | D:5      | Killed Blork the orc
  3691 | D:5      | Noticed Sigmund
  3702 | D:5      | Killed Sigmund
  3702 | D:5      | Reached skill level 10 in Fighting
  3862 | D:5      | Reached skill level 7 in Long Blades
  4959 | D:6      | Found a glowing golden altar of the Shining One.
  4960 | D:6      | Found an iron altar of Okawaru.
  5011 | D:6      | Reached XP level 9. HP: 85/85 MP: 9/9
  5049 | D:6      | Reached skill level 5 in Dodging
  5361 | D:6      | Found a deep blue altar of Sif Muna.
  5470 | D:7      | Reached **** piety under Trog
  5873 | D:7      | Found a staircase to the Ecumenical Temple.
  6016 | D:7      | Reached skill level 8 in Long Blades
  6261 | D:7      | Noticed Xarkox's ghost (amateur DrFE)
  6273 | D:7      | Killed Xarkox's ghost
  7230 | D:8      | Reached XP level 10. HP: 39/93 MP: 10/10
  7449 | D:8      | Reached skill level 9 in Long Blades
  8316 | D:9      | Gained mutation: You evolve. [potion of beneficial mutation]
  8638 | D:9      | Identified Vofach's Papyrus of Self-Knowledge
  8656 | D:10     | Entered Level 10 of the Dungeon
  8694 | D:10     | Found a runed door.
  8694 | D:10     | Noticed a sixfirhy
  8828 | D:10     | Reached skill level 10 in Long Blades
  8836 | D:10     | Reached ***** piety under Trog
  9076 | D:10     | Noticed Angani's ghost (novice DsCK)
  9089 | D:10     | Killed Angani's ghost
  9146 | D:10     | Found a staircase to the Lair.
  9225 | D:10     | Reached skill level 11 in Long Blades
  9248 | D:10     | Noticed an unseen horror
  9267 | D:10     | Killed an unseen horror
  9574 | D:10     | Noticed a hill giant
  9588 | D:10     | Killed a hill giant
  9831 | Lair:1   | Entered Level 1 of the Lair of Beasts
  9844 | Lair:1   | Noticed a spiny frog
  9863 | Lair:1   | Reached skill level 12 in Long Blades
  9864 | Lair:1   | Killed a spiny frog
  9919 | Lair:1   | Reached XP level 11. HP: 94/99 MP: 11/11
 10549 | Lair:1   | Noticed a four-headed hydra
 10563 | Lair:1   | Killed a four-headed hydra
 10991 | Lair:1   | Found an ancient bone altar of Kikubaaqudgha.
 11477 | Lair:2   | Gained mutation: You have an increased reservoir of magic. (+10% MP) [evolution]
 11542 | Lair:2   | Reached skill level 13 in Long Blades
 12125 | Lair:2   | Gained mutation: Your muscles are strong. (Str +2) [evolution]
 12156 | Lair:2   | Reached skill level 10 in Dodging
 12311 | Lair:2   | Received a gift from Trog
 12983 | Lair:2   | Noticed a catoblepas
 13029 | Lair:2   | Slain by a catoblepas

Skill      XL: |  1  2  3  4  5  6  7  8  9 10 11 |
---------------+----------------------------------+-----
Fighting       | 4 5 6 8 9 10 | 10.0
Long Blades    | 4 5 6 7 8 12 13 | 13.4
Dodging        | 4 8 10 | 10.6

Action                   |  1- 3 |  4- 6 |  7- 9 | 10-12 || total
-------------------------+-------+-------+-------+-------++-------
Melee: Falchion          |   140 |   127 |   290 |       ||   557
       Tailslap          |    22 |    15 |    83 |   125 ||   245
       Long sword        |       |       |    84 |   471 ||   555
       Short sword       |       |       |       |     8 ||     8
Invok: Berserk           |       |     4 |    11 |     8 ||    23
       Trog's Hand       |       |     1 |     1 |     2 ||     4
 Abil: Breathe Noxious F |       |       |     1 |       ||     1
  Use: Scroll            |       |       |    15 |     5 ||    20
       Potion            |       |       |       |    13 ||    13
 Stab: Sleeping          |     1 |       |       |       ||     1
       Distracted        |       |       |     1 |       ||     1
       Confused          |       |       |     1 |       ||     1
  Eat: Chunk             |     3 |     8 |    24 |    33 ||    68
       Royal jelly       |       |       |     2 |       ||     2
       Bread ration      |       |       |     1 |       ||     1
Armor: Skin              |    42 |    51 |   152 |   129 ||   374
Dodge: Dodged            |    74 |    98 |   257 |   332 ||   761
       Rpst.: Falchion   |    20 |    30 |    61 |       ||   111
       Long sword        |       |       |    11 |    95 ||   106
